 Dungeon Crawl Stone Soup version 0.22-a0-429-g97ce8ef (webtiles) character file.

3001 MisterFreud the Prestidigitator (level 9, -5/68 HPs)
             Began as a Gnoll Artificer on May 25, 2018.
             Was a Follower of Okawaru.
             Slain by a two-headed ogre
             ... wielding a +0 giant spiked club
              (23 damage)
             ... on level 8 of the Dungeon.
             The game lasted 00:33:27 (9016 turns).

MisterFreud the Prestidigitator (Gnoll Artificer)   Turns: 9016, Time: 00:33:27

Health: -5/68      AC: 21    Str: 15    XL:     9   Next: 84%
Magic:  24/24      EV: 24    Int: 17    God:    Okawaru [*.....]
Gold:   281        SH:  0    Dex: 15    Spells: 17/17 levels left

rFire    . . .     SeeInvis .   o - +2 trident (pain)
rCold    . . .     Gourm    .   (no shield)
rNeg     . . .     Faith    .   z - +5 chain mail
rPois    .         Spirit   .   t - +0 helmet
rElec    .         Reflect  .   (no cloak)
rCorr    .         Harm     .   M - +0 pair of gloves
MR       .....                  q - +0 pair of boots
Stlth    ..........             g - amulet of the acrobat
HPRegen  0.21/turn              B - ring of magical power
MPRegen  0.19/turn              N - +3 ring of protection

@: no status effects
A: distributed training, fangs 1, strong nose
a: Heroism, Renounce Religion


You were on level 8 of the Dungeon.
You worshipped Okawaru.
Okawaru was aware of your devotion.
You were not hungry.

You visited 2 branches of the dungeon, and saw 9 of its levels.

You collected 601 gold pieces.
You spent 320 gold pieces at shops.

Inventory:

Hand Weapons
 a - a +1 dagger of draining
 b - a +0 hunting sling
 o - a +2 trident of pain (weapon)
 K - a +0 rapier of electrocution
 W - a +0 blowgun
Missiles
 h - 40 poisoned needles
 i - 264 stones
 m - 3 tomahawks (quivered)
 y - 55 arrows
 H - 16 sling bullets
 I - 25 bolts
Armour
 l - a +0 ring mail
 q - a +0 pair of boots (worn)
 t - a +0 helmet (worn)
 x - a +0 leather armour
 z - a +5 chain mail (worn)
 M - a +0 pair of gloves (worn)
Jewellery
 g - an amulet of the acrobat (around neck)
 B - a ring of magical power (left hand)
 L - an uncursed ring of ice
 N - a +3 ring of protection (right hand)
 T - an uncursed ring of magical power
Wands
 c - a wand of flame (6)
 d - a wand of enslavement (9)
 e - a wand of random effects (6)
 J - a wand of digging (15)
 O - a wand of acid (12)
Scrolls
 j - 4 scrolls of enchant armour
 k - 2 scrolls of immolation
 s - 2 scrolls of fear
 w - a scroll of noise {unknown}
 A - a scroll of random uselessness {unknown}
 P - 3 scrolls of remove curse
 Q - a scroll of magic mapping {unknown}
 R - 2 scrolls of identify
 S - a scroll of vulnerability {unknown}
Potions
 n - a potion of resistance
 p - 10 potions of curing
 r - 2 potions of haste
 u - a potion of invisibility
 v - 2 potions of heal wounds
 C - a potion of ambrosia
 D - a potion of flight
 E - a potion of magic
 F - a potion of might
 G - a potion of mutation
 U - a potion of lignification
Comestibles
 f - 21 rations


   Skills:
 + Level 5.3 Fighting
 + Level 5.3 Short Blades
 + Level 4.5 Long Blades
 + Level 4.5 Axes
 + Level 4.5 Maces & Flails
 + Level 4.5 Polearms
 + Level 4.5 Staves
 + Level 4.5 Slings
 + Level 4.5 Bows
 + Level 4.5 Crossbows
 + Level 4.5 Throwing
 + Level 4.5 Armour
 + Level 6.5 Dodging
 + Level 5.2 Stealth
 + Level 4.5 Shields
 + Level 4.5 Unarmed Combat
 + Level 4.5 Spellcasting
 + Level 3.7 Conjurations
 + Level 3.7 Hexes
 + Level 3.7 Charms
 + Level 3.7 Summonings
 + Level 3.7 Necromancy
 + Level 3.7 Translocations
 + Level 3.7 Transmutations
 + Level 3.7 Fire Magic
 + Level 3.7 Ice Magic
 + Level 3.7 Air Magic
 + Level 3.7 Earth Magic
 + Level 3.7 Poison Magic
 + Level 5.0 Invocations
 + Level 8.0 Evocations


You had 17 spell levels left.
You didn't know any spells.
Your spell library contained the following spells:

 Spells                   Type           Power        Failure   Level  Hunger
 Magic Dart               Conj           ###.         52%         1    None
 Confuse                  Hex            ###.....     87%         3    ###....
 Iskenderun's Mystic Bla  Conj           ###.....     99%         4    ####...
 Animate Dead             Necr           N/A          99%         4    ####...
 Animate Skeleton         Necr           N/A          52%         1    None
 Agony                    Necr           ###.....     100%        5    ######.
 Confusing Touch          Hex            ###...       52%         1    None
 Ignite Poison            Fire/Tmut/Pois ###.....     87%         3    ###....
 Metabolic Englaciation   Hex/Ice        ###.......   100%        5    ######.
 Petrify                  Tmut/Erth      ###.....     99%         4    ####...
 Inner Flame              Hex/Fire       ###.....     87%         3    ###....
 Fulminant Prism          Conj/Hex       ###.......   99%         4    ####...
 Dazzling Spray           Conj/Hex       ###...       87%         3    ###....
 Force Lance              Conj/Tloc      ###.....     99%         4    ####...
 Searing Ray              Conj           ###...       65%         2    ##.....
 Gell's Gravitas          Tloc           ###.......   87%         3    ###....
 Yara's Violent Unravell  Hex/Tmut       ###.......   100%        5    ######.


Dungeon Overview and Level Annotations

Branches:
Dungeon (8/15)             Temple (1/1) D:6
   Lair: D:8-11

Altars:
Ashenzari
Cheibriados
Dithmenos
Elyvilon
Gozag
Hepliaklqana
Kikubaaqudgha
Makhleb
Nemelex Xobeh
Okawaru
Qazlal
Ru
Sif Muna
Trog
Uskayaw
Vehumet
Xom
Yredelemnul
Zin
The Shining One

Shops:
D:8 !*[[


Innate Abilities, Weirdness & Mutations

Your experience applies equally to all skills.
You have very sharp teeth.
Your uncanny sense of smell can sniff out nearby items.


Message History

Your chain mail prevents you from hitting the two-headed ogre.
You bite the two-headed ogre.
The two-headed ogre is heavily wounded.
The two-headed ogre hits you but does no damage.
The two-headed ogre hits you with a giant club!
You puncture the two-headed ogre!
The two-headed ogre writhes in agony.
The two-headed ogre is severely wounded.
The two-headed ogre hits you with a giant spiked club!
The two-headed ogre hits you with a giant club!
* * * LOW HITPOINT WARNING * * *
Evoke which item? (* to show all) (? for menu, Esc to quit)
Aiming: Random Effects
Press: ? - help, Shift-Dir - straight line, f - two-headed ogre
Aim: a two-headed ogre, wielding a giant spiked club and a giant club (severely wounded)
The mass of ice explodes!
The iceblast engulfs the two-headed ogre.
The two-headed ogre is almost dead.
You hear an angry growl.
The two-headed ogre hits you with a giant spiked club!!
You die...

#...... ##.....
##..... #...... #####
#...... ∆ ...##
##...## #.#####..#
##...## #........####
#...... #..O@.#
#...... #.....#####
#......
#..#......######.....
#..#..........##.....
#..#..#.........∩.###
####..#.......##..#..
#..#..#....##..#..
####..#.....'.###'
#..#.....#.##.#


You could see a two-headed ogre.

Vanquished Creatures
  A hornet (D:8)
  A hippogriff (D:8)
  Eustachio (D:5)
  A soldier ant (D:8)
  Edmund (D:4)
  An orc warrior (D:6)
  2 phantoms
  A black bear (D:8)
  A sky beast (D:6)
  A hornet zombie (D:7)
  3 ogres
  A big kobold (D:8)
  2 bullfrogs
  2 scorpions
  2 howler monkeys
  3 crimson imps
  3 hounds
  A centaur skeleton (D:7)
  An orc priest (D:4)
  2 jellies
  4 bullfrog skeletons
  2 orc wizards
  Terence (D:3)
  An iguana (D:5)
  7 worker ants
  Robin (D:3)
  5 gnolls
  9 adders
  A howler monkey skeleton (D:5)
  3 shadow imps
  4 oozes
  4 worms
  4 dart slugs
  5 leopard geckos
  29 orcs
  9 bats
  5 giant cockroaches
  17 goblins
  8 hobgoblins
  2 jackals (D:7)
  6 quokkas
  3 frilled lizards
  A giant cockroach zombie (D:5)
  8 kobolds
  A leopard gecko skeleton (D:5)
  A quokka skeleton (D:4)
  A quokka zombie (D:4)
  6 rats
179 creatures vanquished.

Vanquished Creatures (collateral kills)
  A gnoll (D:3)
  An orc (D:3)
  A bat (D:3)
3 creatures vanquished.

Vanquished Creatures (others)
  An orc priest (D:4)
  A gnoll (D:3)
2 creatures vanquished.

Grand Total: 184 creatures vanquished

Notes
Turn   | Place    | Note
-------+----------+-------------------------------------------
     0 | D:1      | MisterFreud the Gnoll Artificer began the quest for the Orb.
     0 | D:1      | Reached XP level 1. HP: 17/17 MP: 4/4
   183 | D:1      | Reached XP level 2. HP: 23/23 MP: 6/6
   512 | D:1      | Reached XP level 3. HP: 24/28 MP: 7/7
   926 | D:2      | Reached skill level 1 in Invocations
  1146 | D:2      | Reached skill level 1 in Long Blades
  1146 | D:2      | Reached skill level 1 in Axes
  1146 | D:2      | Reached skill level 1 in Maces & Flails
  1146 | D:2      | Reached skill level 1 in Polearms
  1146 | D:2      | Reached skill level 1 in Staves
  1146 | D:2      | Reached skill level 1 in Slings
  1146 | D:2      | Reached skill level 1 in Bows
  1146 | D:2      | Reached skill level 1 in Crossbows
  1146 | D:2      | Reached skill level 1 in Throwing
  1146 | D:2      | Reached skill level 1 in Armour
  1146 | D:2      | Reached skill level 1 in Shields
  1146 | D:2      | Reached skill level 1 in Unarmed Combat
  1146 | D:2      | Reached skill level 1 in Spellcasting
  1148 | D:2      | Reached XP level 4. HP: 34/34 MP: 8/8
  1399 | D:2      | Found a shimmering altar of Xom.
  1596 | D:2      | Found a glowing silver altar of Zin.
  1716 | D:3      | Found an opulent altar of Gozag.
  1939 | D:3      | Reached skill level 1 in Conjurations
  1939 | D:3      | Reached skill level 1 in Hexes
  1939 | D:3      | Reached skill level 1 in Charms
  1939 | D:3      | Reached skill level 1 in Summonings
  1939 | D:3      | Reached skill level 1 in Necromancy
  1939 | D:3      | Reached skill level 1 in Translocations
  1939 | D:3      | Reached skill level 1 in Transmutations
  1939 | D:3      | Reached skill level 1 in Fire Magic
  1939 | D:3      | Reached skill level 1 in Ice Magic
  1939 | D:3      | Reached skill level 1 in Air Magic
  1939 | D:3      | Reached skill level 1 in Earth Magic
  1939 | D:3      | Reached skill level 1 in Poison Magic
  2124 | D:3      | Reached XP level 5. HP: 12/40 MP: 9/9
  2562 | D:3      | Noticed Terence
  2616 | D:3      | Killed Terence
  2967 | D:3      | Noticed Robin
  2998 | D:3      | Killed Robin
  2998 | D:3      | Reached XP level 6. HP: 40/47 MP: 11/11
  3554 | D:4      | Noticed a phantom
  3594 | D:4      | Killed a phantom
  3594 | D:4      | Reached skill level 5 in Dodging
  3963 | D:4      | Reached XP level 7. HP: 46/52 MP: 12/12
  4424 | D:4      | Noticed Edmund
  4500 | D:4      | Reached skill level 7 in Evocations
  4525 | D:4      | Found a shadowy altar of Dithmenos.
  4895 | D:4      | Found a white marble altar of Elyvilon.
  5004 | D:4      | Killed Edmund
  5053 | D:5      | Entered Level 5 of the Dungeon
  5247 | D:5      | Reached XP level 8. HP: 48/60 MP: 13/13
  5914 | D:5      | Identified the Compendium of Heat and Evil Arts
  6313 | D:6      | Noticed Eustachio
  6377 | D:5      | Killed Eustachio
  6910 | D:6      | Reached XP level 9. HP: 52/66 MP: 14/14
  7012 | D:6      | Found a staircase to the Ecumenical Temple.
  7018 | Temple   | Entered the Ecumenical Temple
  7111 | Temple   | Became a worshipper of Warmaster Okawaru
  8281 | D:8      | Found Aniczis's Distillery.
  8289 | D:8      | Bought a potion of degeneration for 16 gold pieces
  8289 | D:8      | Bought a potion of lignification for 48 gold pieces
  8289 | D:8      | Bought a potion of haste for 160 gold pieces
  8289 | D:8      | Bought a potion of curing for 48 gold pieces
  8289 | D:8      | Bought a potion of curing for 48 gold pieces
  8318 | D:8      | Noticed a hornet
  8324 | D:8      | Killed a hornet
  8324 | D:8      | Reached * piety under Okawaru
  8324 | D:8      | Reached skill level 5 in Fighting
  8324 | D:8      | Reached skill level 5 in Short Blades
  8570 | D:8      | Found Kuuqyv's General Store.
  8612 | D:8      | Found Pinuimp's Antique Armour Shoppe.
  8616 | D:8      | Found Zivarch's Antique Armour Emporium.
  8689 | D:8      | Reached skill level 5 in Stealth
  8715 | D:8      | Reached skill level 8 in Evocations
  8850 | D:8      | Found a deep blue altar of Sif Muna.
  8861 | D:8      | Found Tuachong's Magic Scroll Emporium.
  8904 | D:8      | Found a hazy altar of Hepliaklqana.
  8922 | D:8      | Reached skill level 5 in Invocations
  9006 | D:8      | Noticed a two-headed ogre
  9016 | D:8      | Slain by a two-headed ogre

Vault maps used:
D:1:      elethiomel_arrival_infinity_welcomes_careful_drivers
D:2:      lemuel_round_altar, old_standard_altar
D:3:      first_ration, grunt_gozag_statues, uniq_robin, uniq_terence
D:4:      marbit_many_paths, nicolae_dithmenos_through_a_glass_darkly,
          uniq_edmund
D:6:      temple_statues, uniq_eustachio
D:8:      old_standard_altar, lemuel_round_altar, serial_shops, shop,
          shop_coins, shop, nicolae_shop_stone, shop, hangedman_pestilent_swarm,
          hangedman_abyss_or_decor_stagger
Temple:   regret_index_temple_sphere_string

Skill      XL: |  1  2  3  4  5  6  7  8  9 |
---------------+----------------------------+-----
Invocations    | 1 2 3 4 5 |  5.0
Long Blades    | 1 2 3 4 |  4.5
Axes           | 1 2 3 4 |  4.5
Maces & Flails | 1 2 3 4 |  4.5
Polearms       | 1 2 3 4 |  4.5
Staves         | 1 2 3 4 |  4.5
Slings         | 1 2 3 4 |  4.5
Bows           | 1 2 3 4 |  4.5
Crossbows      | 1 2 3 4 |  4.5
Throwing       | 1 2 3 4 |  4.5
Armour         | 1 2 3 4 |  4.5
Shields        | 1 2 3 4 |  4.5
Unarmed Combat | 1 2 3 4 |  4.5
Spellcasting   | 1 2 3 4 |  4.5
Conjurations   | 1 2 3 |  3.7
Hexes          | 1 2 3 |  3.7
Charms         | 1 2 3 |  3.7
Summonings     | 1 2 3 |  3.7
Necromancy     | 1 2 3 |  3.7
Translocations | 1 2 3 |  3.7
Transmutations | 1 2 3 |  3.7
Fire Magic     | 1 2 3 |  3.7
Ice Magic      | 1 2 3 |  3.7
Air Magic      | 1 2 3 |  3.7
Earth Magic    | 1 2 3 |  3.7
Poison Magic   | 1 2 3 |  3.7
Fighting       | 3 4 5 |  5.3
Short Blades   | 3 4 5 |  5.3
Stealth        | 3 4 5 |  5.2
Dodging        | 5 6 |  6.5
Evocations     | 7 8 |  8.0

Action                   |  1- 3 |  4- 6 |  7- 9 || total
-------------------------+-------+-------+-------++-------
Melee: Short sword       |    98 |    75 |       ||   173
       Bite              |    10 |    26 |    63 ||    99
       Dagger            |       |   184 |   380 ||   564
       Punch             |       |     2 |     1 ||     3
       Trident           |       |       |   248 ||   248
       Rapier            |       |       |    29 ||    29
 Fire: Hunting sling     |       |       |    21 ||    21
Throw: Stone             |       |     2 |       ||     2
Evoke: Wand              |     2 |    15 |     7 ||    24
  Use: Scroll            |       |     3 |    13 ||    16
       Potion            |       |       |     1 ||     1
 Stab: Sleeping          |     5 |     4 |       ||     9
       Confused          |     1 |       |       ||     1
  Eat: Chunk             |     1 |     8 |    18 ||    27
Armor: Leather armour    |    16 |     4 |       ||    20
       Ring mail         |       |    51 |       ||    51
       Chain mail        |       |    21 |   417 ||   438
Dodge: Dodged            |    72 |   150 |   313 ||   535

Table legend:
 A = Spawn XP
 B = Non-spawn XP
 C = Spawn XP percentage of total XP
 D = Spawn monster count
 E = Non-spawn monster count
 F = Spawn count percentage of total count
 G = Total turns spent on level
                    A         B        C        D         E        F      G
               +---------+---------+-------+---------+---------+-------+---------
         Total |       0 |    4288 |   0.0 |       0 |     182 |   0.0 |  9016
               +---------+---------+-------+---------+---------+-------+---------
           D:1 |       0 |      44 |   0.0 |       0 |      21 |   0.0 |   914
           D:2 |       0 |      70 |   0.0 |       0 |      20 |   0.0 |   784
           D:3 |       0 |     218 |   0.0 |       0 |      39 |   0.0 |  1755
           D:4 |       0 |     805 |   0.0 |       0 |      30 |   0.0 |  1766
           D:5 |       0 |     622 |   0.0 |       0 |      21 |   0.0 |  1035
           D:6 |       0 |     851 |   0.0 |       0 |      18 |   0.0 |   591
           D:7 |       0 |     476 |   0.0 |       0 |      16 |   0.0 |  1236
           D:8 |       0 |    1202 |   0.0 |       0 |      17 |   0.0 |   828
               +---------+---------+-------+---------+---------+-------+---------
